 Dungeon Sprint DCSS version 0.28-a0-863-g8cecda6153 (webtiles) character file.

Game seed: 10648890752154461822

25 kae the Ruffian (level 2, -12/25 HPs)
             Began as a Draconian Transmuter on Nov 18, 2021.
             Mangled by an ogre (21 damage)
             ... in the Dungeon (Sprint I: "Red Sonja").
             The game lasted 00:00:08 (223 turns).

kae the Ruffian (Draconian Transmuter)               Turns: 223, Time: 00:00:09

Health: -12/25     AC:  4    Str: 12    XL:     2   Next: 82%
Magic:  4/5        EV: 12    Int: 13    God:
Gold:   0          SH:  0    Dex: 11    Spells: 5/6 levels left

rFire   . . .      SeeInvis .     - Unarmed
rCold   . . .      Faith    .   (no shield)
rNeg    . . .      Spirit   .   (armour unavailable)
rPois   .          Reflect  .   (helmet currently unavailable)
rElec   .          Harm     .   (no cloak)
rCorr   .          Rampage  .   (no gloves)
Will    .....      NoTele   +   (boots currently unavailable)
Stlth   +.........              (no amulet)
HPRegen 0.08/turn               (no ring)
MPRegen 0.09/turn               (no ring)

@: appendages
A: horns 2, talons 2, AC +4, unfitting armour, cold-blooded
a: End Transformation


You were in the Dungeon.
You had temporarily grown beastly horns and talons.
You visited 1 branch

Inventory:

Scrolls
 f - a scroll of blinking
Potions
 a - a potion of curing
 b - a potion of heal wounds
 c - a potion of haste
 d - 2 potions of magic
 e - a potion of berserk rage


   Skills:
 + Level 2.5 Fighting
 + Level 2.7 Dodging
 * Level 4.4 Unarmed Combat
 + Level 2.8 Spellcasting
 + Level 3.1 Transmutations


You had 5 spell levels left.
You knew the following spells:

 Your Spells              Type           Power      Damage    Failure   Level
a - Beastly Appendage     Tmut           18%        N/A       7%          1

Your spell library contained the following spells:

 Spells                   Type           Power      Damage    Failure   Level
 Wereblood                Tmut           9%         N/A       10%         2
 Spider Form              Tmut/Pois      5%         N/A       36%         3
 Ice Form                 Ice/Tmut       5%         N/A       77%         4


Dungeon Overview and Level Annotations

Branches:
Dungeon (1/1)

Altars:


Innate Abilities, Weirdness & Mutations

You have temporarily grown beastly horns and talons.
Your plain brown scales are hard. (AC +4)
You cannot fit into any form of body armour.
You are cold-blooded and may be slowed by cold attacks.


Message History

You are too injured to fight recklessly!
You completely miss Ijyb. Your kick misses Ijyb. You tail-slap Ijyb.
Ijyb is almost dead.
Ijyb hits you with a +0 club.
You hit Ijyb.
You kill Ijyb!
Your Fighting skill increases to level 2!
Your Dodging skill increases to level 2!
Your Unarmed Combat skill increases to level 4!
Your Transmutations skill increases to level 3!
You have reached level 2!
There is an open door here.
Things that are here:
a +0 club; a +0 leather armour You start resting.
Your horns disappear.
Your talons disappear.
You start resting.
Magic restored.
HP restored.
Okay, then.
You open the door.
An ogre comes into view. It is wielding a +0 giant club.
The ogre shouts!
Casting: Beastly Appendage (safe; 7% risk of failure)
Confirm with . or Enter, or press ? or * to list all spells.
You grow a pair of large bovine horns.
Your feet morph into talons.
The ogre closely misses you.
You hit the ogre but do no damage.
You tail-slap the ogre, but do no damage.
The ogre hits you with a +0 giant club!
Ouch! That really hurt!
You barely miss the ogre. You headbutt the ogre.
You tail-slap the ogre, but do no damage.
You punch the ogre.
The ogre is moderately wounded.
You hit the ogre.
The ogre is heavily wounded.
The ogre hits you with a +0 giant club!!
Ouch! That really hurt!
You die...

##########
#<.#.@O..#
#..)..#..+
#..#### +#
#..# #..#
#..# #⌠⌠#
####


You could see an ogre.

Vanquished Creatures
  Ijyb (D)
1 creature vanquished.

Notes
Turn   | Place    | Note
-------+----------+-------------------------------------------
     0 | D        | kae the Draconian Transmuter began the quest for the Orb.
     0 | D        | Reached XP level 1. HP: 16/16 MP: 3/3
     1 | D        | Noticed Ijyb
     9 | D        | Killed Ijyb
    10 | D        | Reached skill level 4 in Unarmed Combat
    10 | D        | Reached XP level 2. HP: 8/25 MP: 2/5
   218 | D        | Noticed an ogre
   223 | D        | Mangled by an ogre

Illustrated notes

Levels and vault maps discovered:
D:        dungeon_sprint_1 [red_sonja_temple_1, red_sonja_temple_small_1]

Skill      XL: |  1 |
---------------+----+-----
Fighting       | 2 |  2.5
Dodging        | 2 |  2.7
Unarmed Combat | 4 |  4.4
Transmutations | 3 |  3.1
Spellcasting   | |  2.8

Action                   || total
-------------------------++-------
Melee: Unarmed           ||     9
       Kick              ||     3
       Tailslap          ||     3
       Headbutt          ||     2
       Punch             ||     1
 Cast: Beastly Appendage ||     2
Armor: Skin              ||     2
Dodge: Dodged            ||     1

Table legend: (Time is in decaauts)
 A = Elapsed time spent in this place.
 B = Non-inter-level travel time spent in this place.
 C = Inter-level travel time spent in this place.
 D = Time resting spent in this place.
 E = Time spent auto-exploring this place.
 F = Levels seen in this place.
 G = Mean time per level.
                   A        B        C        D        E       F      G
               +--------+--------+--------+--------+--------+-----+--------+
         Total |    222 |    222 |      0 |    205 |      1 |   1 |  222.0 |
       Dungeon |    222 |    222 |      0 |    205 |      1 |   1 |  222.0 |
               +--------+--------+--------+--------+--------+-----+--------+

Top non-repeatable levels by time:
       D: 222 daAuts
